 Dungeon Crawl Stone Soup version 0.31-a0-667-g39726597b9 (webtiles) character file.

Game seed: 170611335946946584

1300052 EnegeticOcto the Sorcerer (level 24, 136/136 HPs)
             Began as a Spriggan Venom Mage on Sept 2, 2023.
             Was a Priest of Sif Muna.
             Escaped with the Orb
             ... and 3 runes on Sept 3, 2023!
             The game lasted 02:45:52 (114406 turns).

EnegeticOcto the Sorcerer (Spriggan Venom Mage)   Turns: 114406, Time: 02:45:52

Health: 136/136    AC: 17    Str:  6    XL:     24   Next: 97%
Magic:  62/62      EV: 33    Int: 27    God:    Sif Muna [***...]
Gold:   2931       SH:  0    Dex: 21    Spells: 36/73 levels left

rFire   + . .        L - staff of fire
rCold   . . .        (shield currently unavailable)
rNeg    . . .        x - +5 swamp dragon scales
rPois   +            (helmet restricted)
rElec   .            i - +2 cloak
rCorr   .            (gloves unavailable)
SInv    +            (boots unavailable)
Will    ++++.        s - amulet of guardian spirit
Stlth   ++           G - +5 ring of evasion
HPRegen 0.42/turn    f - ring "Poudomepio" {MP+9 Int+5 SInv}
MPRegen 0.38/turn

%: guardian spirit
@: studying Fire Magic, very quick
A: very small, no large weapons, unfitting armour, see invisible, speed 3, thin
skeletal structure 1, sense surroundings 1, MP-powered wands
0: Orb of Zot
}: 3/15 runes: decaying, serpentine, slimy
a: Renounce Religion, Channel Magic, Forget Spell


You escaped.
You worshipped Sif Muna.
Sif Muna was most pleased with you.
You visited 11 branches of the dungeon, and saw 52 of its levels.
You visited 1 bazaar.
You also visited: Ice Cave.

You collected 6957 gold pieces.
You spent 4026 gold pieces at shops.

Inventory:

Hand Weapons
 a - a +7 dagger of protection
   (You took it off a kobold on level 1 of the Dungeon)
 A - the +10 morningstar "Eos" {elec, Halo rElec}
   (You took it off a deep elf archer on level 2 of the Elven Halls)

   Halo:      It grants its wielder a halo, revealing invisible creatures and
   increasing accuracy against all within it other than the wielder.
   rElec:     It insulates you from electricity.
Missiles
 I - 12 curare-tipped darts
 O - 3 throwing nets {!f}
Armour
 b - an orb of energy
   (You found it on level 5 of the Lair of Beasts)
 i - a +2 cloak (worn)
   (You took it off Crazy Yiuf on level 5 of the Dungeon)
 x - +5 swamp dragon scales (worn)
   (You took it off Maggie on level 1 of the Lair of Beasts)
Magical Staves
 L - a staff of fire (weapon)
   (You found it on level 2 of the Swamp)
Jewellery
 f - the ring "Poudomepio" (right hand) {MP+9 Int+5 SInv}
   (You found it on level 2 of the Vaults)

   [ring of magical power]

   Int+5:     It affects your intelligence (+5).
   MP+9:      It affects your magic capacity (+9).
   SInv:      It lets you see invisible.
 k - a ring of protection from fire
   (You found it on level 12 of the Dungeon)
 l - a ring of protection from cold
   (You found it on level 2 of the Dungeon)
 s - an amulet of guardian spirit (around neck)
   (You bought it in a shop on level 2 of the Orcish Mines)
 G - a +5 ring of evasion (left hand)
   (You found it on level 7 of the Dungeon)
 W - the ring of Fintun {rN+ Str+6 Int+5}
   (You found it on level 2 of the Vaults)

   [ring of strength]

   Str+6:     It affects your strength (+6).
   Int+5:     It affects your intelligence (+5).
   rN+:       It protects you from negative energy.
 Z - the amulet "Ceutab" {Reflect Fragile +Blink rPois rC++ SH+5}
   (You found it on level 5 of the Pits of Slime)

   [amulet of reflection]

   Reflect:   It reflects blocked missile attacks.
   rC++:      It greatly protects you from cold.
   rPois:     It protects you from poison +Blink: It lets you blink.
   Fragile:   It will be destroyed if unequipped.
   SH+5:      It affects your SH (+5).
Wands
 d - a wand of flame (138) {@v4}
   (You found it on level 14 of the Dungeon)
 j - a wand of polymorph (21)
   (You found it on level 2 of the Dungeon)
 n - a wand of charming (45)
   (You found it on level 3 of the Dungeon)
 p - a wand of quicksilver (40) {@v1}
   (You took it off Robin on level 3 of the Dungeon)
 r - a wand of roots (30) {@v2}
   (You found it on level 12 of the Dungeon)
 u - a wand of digging (17) {@v3}
   (You found it on level 15 of the Dungeon)
 Y - a wand of mindburst (10)
   (You found it on level 2 of the Lair of Beasts)
Scrolls
 e - 3 scrolls of poison
 h - 12 scrolls of teleportation {@r3 !r}
 o - 11 scrolls of vulnerability
 v - 2 scrolls of butterflies
 y - 3 scrolls of fear {!r}
 B - a scroll of torment
 E - 5 scrolls of immolation
 H - a scroll of revelation {@r5 !r}
 P - 7 scrolls of blinking {@r4}
 Q - 6 scrolls of fog {!r}
 T - 2 scrolls of silence {!r}
Potions
 c - 4 potions of berserk rage
 g - 6 potions of mutation
 m - 5 potions of lignification {@q6}
 q - 6 potions of might {@q3 !q}
 t - 3 potions of cancellation
 w - 4 potions of enlightenment
 z - 4 potions of resistance
 F - 9 potions of ambrosia
 J - 6 potions of magic
 M - 17 potions of curing {@q1 !q}
 N - 7 potions of attraction
 R - 2 potions of invisibility
 S - 9 potions of haste {@q4 !q}
 V - 2 potions of brilliance
 X - 4 potions of heal wounds {@q2 !q}
Miscellaneous
 C - a phial of floods
   (You found it on level 2 of the Vaults)
 K - a box of beasts (inert)
   (You found it on level 2 of the Vaults)
 U - a tin of tremorstones (2/2)
   (You found it on level 10 of the Dungeon)


   Skills:
 - Level 17.0 Fighting
 - Level 8.0 Armour
 - Level 22.0 Dodging
 - Level 6.0 Stealth
 + Level 25.2 Spellcasting
 - Level 6.0 Conjurations
 - Level 1.3 Transmutations
 - Level 12.0 Fire Magic
 - Level 20.0 Air Magic
 - Level 9.0 Poison Magic
 - Level 14.0 Invocations
 - Level 12.0 Evocations


You had 36 spell levels left.
You knew the following spells:

 Your Spells              Type           Power      Damage    Failure   Level
a - Airstrike             Air            48%        2d(7-23)  0%          4
b - Arcjolt               Conj/Air       40%        1d50      1%          5
c - Olgreb's Toxic Radia  Pois           70%        N/A       1%          4
d - Mephitic Cloud        Conj/Pois/Air  77%        N/A       1%          3
e - Maxwell's Capacitive  Air            48%        ∞         5%          8
f - Vhi's Electric Charg  Tloc/Air       100%       N/A       1%          4
g - Plasma Beam           Fire/Air       55%        2x1d70    1%          6
h - Apportation           Tloc           68%        N/A       3%          1
Y - Blink                 Tloc           68%        N/A       4%          2

Your spell library contained the following spells:

 Spells                   Type           Power      Damage    Failure   Level
 Shock                    Conj/Air       100%       1d9       0%          1
 Poisonous Vapours        Pois/Air       100%       N/A       0%          2
 Swiftness                Air            97%        N/A       0%          3
 Foxfire                  Conj/Fire      100%       2x1d9     1%          1
 Kiss of Death            Conj/Necr      100%       2d13      1%          1
 Magic Dart               Conj           100%       1d8       1%          1
 Sting                    Tmut/Pois      100%       1d8       1%          1
 Cigotuvi's Dreadful Rot  Necr/Pois/Air  100%       N/A       1%          2
 Momentum Strike          Conj/Tloc      100%       3d10      1%          2
 Searing Ray              Conj           100%       2d8       1%          2
 Static Discharge         Conj/Air       100%       2-7/arc   1%          2
 Ignite Poison            Fire/Tmut/Pois 84%        N/A       1%          3
 Inner Flame              Hex/Fire       79%        N/A       1%          3
 Volatile Blastmotes      Fire/Tloc      100%       2d18      1%          3
 Flame Wave               Conj/Fire      89%        2d19      1%          4
 Sticky Flame             Conj/Fire      89%        2d10      1%          4
 Summon Lightning Spire   Summ/Air       73%        N/A       1%          4
 Fireball                 Conj/Fire      44%        3d18      1%          5
 Silence                  Hex/Air        36%        N/A       1%          5
 Dazzling Flash           Conj/Hex       100%       N/A       2%          3
 Hailstorm                Conj/Ice       50%        3d11      2%          3
 Stone Arrow              Conj/Erth      100%       3d13      2%          3
 Freezing Cloud           Conj/Ice/Air   34%        6-21      2%          5
 Conjure Ball Lightning   Conj/Air       40%        3x3d13    2%          6
 Necrotise                Necr           100%       1d9       3%          1
 Slow                     Hex            100%       N/A       3%          1
 Summon Small Mammal      Summ           100%       N/A       3%          1
 Call Imp                 Summ           68%        N/A       4%          2
 Ensorcelled Hibernation  Hex/Ice        68%        N/A       4%          2
 Lesser Beckoning         Tloc           68%        N/A       4%          2
 Call Canine Familiar     Summ           34%        N/A       9%          3
 Confusing Touch          Hex            34%        N/A       9%          3
 Ozocubu's Armour         Ice            34%        N/A       9%          3
 Portal Projectile        Hex/Tloc       68%        N/A       9%          3
 Summon Guardian Golem    Hex/Summ       34%        N/A       9%          3
 Tukima's Dance           Hex            34%        N/A       9%          3
 Vampiric Draining        Necr           34%        2d8       9%          3
 Fulminant Prism          Conj/Hex       25%        3d14      9%          4
 Iskenderun's Mystic Bla  Conj/Tloc      50%        2d11      9%          4
 Starburst                Conj/Fire      44%        6d12      11%         6
 Animate Armour           Summ/Erth      68%        N/A       28%         4
 Cause Fear               Hex            17%        N/A       28%         4
 Leda's Liquefaction      Hex/Erth       17%        N/A       28%         4
 Summon Ice Beast         Ice/Summ       34%        N/A       28%         4
 Eringya's Noxious Bog    Tmut/Pois      29%        4d6       45%         6
 Yara's Violent Unravell  Hex/Tmut       18%        3d9       52%         5
 Agony                    Necr           34%        N/A       63%         5
 Summon Forest            Summ/Tloc      17%        N/A       63%         5
 Summon Mana Viper        Hex/Summ       34%        N/A       63%         5
 Leda's Unmaking          Conj/Erth      25%        9d5       78%         6
 Ignition                 Fire           49%        3d14      80%         8
 Simulacrum               Ice/Necr       17%        N/A       99%         6
 Summon Cactus Giant      Summ           17%        N/A       99%         6
 Enfeeble                 Hex            17%        N/A       100%        7
 Haunt                    Necr/Summ      17%        N/A       100%        7
 Malign Gateway           Summ/Tloc      17%        N/A       100%        7
 Monstrous Menagerie      Summ           17%        N/A       100%        7
 Summon Hydra             Summ           17%        N/A       100%        7
 Borgnjor's Revivificati  Necr           17%        N/A       100%        8
 Discord                  Hex            17%        N/A       100%        8
 Infestation              Necr           17%        N/A       100%        8
 Lehudib's Crystal Spear  Conj/Erth      25%        10d7      100%        8
 Summon Horrible Things   Summ           17%        N/A       100%        8
 Chain Lightning          Conj/Air       40%        3d54      100%        9
 Dragon's Call            Summ           17%        N/A       100%        9
 Fire Storm               Conj/Fire      44%        8d11      100%        9
 Polar Vortex             Ice            17%        12d2*     100%        9


Dungeon Overview and Level Annotations

Branches:
Dungeon (15/15)            Temple (1/1) D:4            Lair (5/5) D:8
  Swamp (4/4) Lair:2        Snake (4/4) Lair:2        Slime (5/5) Lair:5
    Orc (2/2) D:12            Elf (3/3) Orc:2        Vaults (4/5) D:14
  Crypt (0/3) Vaults:3     Depths (4/4) D:15            Zot (5/5) Depths:4
  IceCv (visited)

Altars:
Ashenzari
Cheibriados
Dithmenos
Elyvilon
Fedhas
Gozag
Hepliaklqana
Kikubaaqudgha
Makhleb
Nemelex Xobeh
Okawaru
Qazlal
Ru
Sif Muna
Trog
Uskayaw
Vehumet
Wu Jian
Xom
Yredelemnul
Zin
The Shining One
Jiyva

Shops:
D:9 *::[!   D:14 !   Orc:2 =*[(   Elf:3 !   Snake:1 :=:   Vaults:1 **
Depths:1 [**

Portals:
Hell: Depths:1 Depths:2 Depths:3 Depths:4
Abyss: Depths:3
Pandemonium: Depths:1 Depths:2 Depths:3
Ziggurat: Depths:3

Annotations:
Elf:2 3 runed translucent doors, exclusion: door
Zot:2 1 transporter, exclusions: 2 downstairs and 5 more exclusions, Josephina
Zot:5 36 runed doors, exclusion: 36 doors


Innate Abilities, Weirdness & Mutations

You are very small and have problems with some larger weapons.
You are too small for most types of armour.
You have supernaturally acute eyesight. (SInv)
You cover ground extremely quickly. (Speed+++)
You have a somewhat thin skeletal structure. (Dex +2, Stealth+)
You passively map a small area around you.
You expend magic power (3 MP) to strengthen your wands.


Message History

(Z) Zot
Where to? (Tab/Enter - D:1 @ (x,y), ? - help)
You see here a +0 dagger.
Things that are here:
a +0 chain mail; a +0 dire flail
There is a stone staircase leading up, spattered with blood here.
You climb upwards.
There is a stone staircase leading down here.
There is a stone staircase leading up, spattered with blood here.
You climb upwards.
There is a stone staircase leading down here.
There is a stone staircase leading up here.
You climb upwards.
There is a stone staircase leading down here.
A reaper comes into view.
It is wielding a +2 scythe of distortion.
The reaper attacks as it pursues you! The reaper closely misses you.
There is a stone staircase leading up here.
You climb upwards.
There is a stone staircase leading down here.
(D) Dungeon (T) Temple (L) Lair (S) Swamp (P) Snake Pit (M) Slime Pits (O) Orcish Mines (E) Elven Halls (V) Vaults (C) Crypt (U) Depths (H) Hell (Z) Zot
Where to? (Tab/Enter - D:1 @ (x,y), ? - help)
There is a stone staircase leading up here.
You climb upwards.
There is a stone staircase leading down here.
There is an open door here.
There is an open door here.
There is an open door here.
There is a stone staircase leading up here.
You climb upwards.
There is a stone staircase leading down here.
There is an open door here.
There is an open door here.
There is a stone staircase leading up here.
You climb upwards.
There is a stone staircase leading down here.
There is a stone staircase leading up here.
You climb upwards.
There is a stone staircase leading down here.
There is a stone staircase leading up here.
You climb upwards.
There is a stone staircase leading down here.
There is a stone staircase leading up, spattered with blood here.
You climb upwards.
There is a stone staircase leading down here.
There is a stone staircase leading up here.
You climb upwards.
There is a stone staircase leading down here.
A hellephant comes into view.
Unknown command.
Casting: Plasma Beam (mildly dangerous; 1% risk of failure)
Press: ? - help, Q - select action, (/) - cycle Dir - look around, f - activate You feel a surge of power!
The bolt of lightning hits the hellephant!!!
The hellephant is moderately wounded.
The fiery plasma hits the hellephant.
The hellephant is moderately wounded.
Casting: Plasma Beam (mildly dangerous; 1% risk of failure)
Press: ? - help, Q - select action, (/) - cycle Dir - look around, f - activate You feel a surge of power!
The bolt of lightning hits the hellephant.
The hellephant is moderately wounded.
The fiery plasma hits the hellephant!!!
The hellephant is heavily wounded.
The hellephant blinks!
Casting: Plasma Beam (mildly dangerous; 1% risk of failure)
Press: ? - help, Q - select action, (/) - cycle Dir - look around, f - activate You feel a surge of power!
The bolt of lightning hits the hellephant!
The hellephant is severely wounded.
The fiery plasma hits the hellephant!
The hellephant is severely wounded.
Casting: Plasma Beam (mildly dangerous; 1% risk of failure)
Press: ? - help, Q - select action, (/) - cycle Dir - look around, f - activate You feel a surge of power!
The bolt of lightning hits the hellephant!!!
You kill the hellephant!
Sif Muna accepts your kill.
(D) Dungeon (T) Temple (L) Lair (S) Swamp (P) Snake Pit (M) Slime Pits (O) Orcish Mines (E) Elven Halls (V) Vaults (C) Crypt (U) Depths (H) Hell (Z) Zot
Where to? (Tab/Enter - D:1 @ (x,y), ? - help)
There is a stone staircase leading up here.
You climb upwards.
There is a stone staircase leading down here.
There is a stone staircase leading up here.
You climb upwards.
There is a stone staircase leading down here.
You see here a +0 dagger.
There is a stone staircase leading up here.
You climb upwards.
There is a stone staircase leading down here.
There is a stone staircase leading down here.
A hell beast comes into view.
There is a staircase leading out of the dungeon here.
Magic restored.
You have escaped!

##.# #. #..# #. ##.## ###
###..# #.. #### #...## #.#
#..###########.### #.#
#~.#.........#.# ##.#
#~.........#.#.# ####..#
#≈~.....#@...#.# ###....##
#≈~≈~...##.....###...#####
#≈≈≈~≈≈...2........### #
#≈≈~≈≈≈~≈.........## #
#≈≈≈≈≈≈≈≈~........# #
#≈≈≈≈≈≈≈≈~~.......# #
#≈≈≈≈≈≈≈≈≈~.......#
#≈≈≈≈≈≈≈≈≈~~...####
#≈≈≈≈≈≈≈≈≈≈~..##


You could see a hell beast.

Vanquished Creatures
  the Royal Jelly (Slime:5)
  3 dread liches (Zot:5)
  2 orbs of fire
  2 ancient liches (Depths:3)
  A juggernaut (Depths:2)
  8 Killer Klowns (Zot:5)
  10 golden dragons
  A curse toe (Zot:5)
  Nikola (Swamp:1)
  the Enchantress (Depths:1)
  A bone dragon (Vaults:3)
  A hellephant (D:4)
  4 electric golems
  Zenata (Vaults:1)
  4 liches
  Jorgrun (Elf:1)
  13 Orb Guardians (Zot:5)
  16 tentacled monstrosities
  Asterion (Vaults:1)
  17 acid blobs
  8 quicksilver dragons
  A quicksilver dragon (shapeshifter) (Depths:3)
  2 walking divine tomes
  A deep elf master archer (Elf:3)
  4 sphinxes
  An ancient champion (Depths:2)
  Kirke (Elf:1)
  Frances (Swamp:2)
  7 death cobs
  13 storm dragons
  Aizul (Swamp:1)
  3 tengu reavers
  5 draconian monks
  3 nagarajas
  4 shadow dragons
  A draconian knight (Zot:4)
  10 rockslimes
  10 azure jellies
  3 iron dragons
  Louise (Elf:1)
  12 frost giants
  4 deep elf elementalists (Elf:3)
  5 vault wardens
  8 fire giants
  5 spectral caustic shrikes (Depths:4)
  5 draconian shifters
  2 balrugs
  7 deep elf sorcerers
  2 draconian scorchers
  3 draconian annihilators
  2 orc warlords
  2 draconian stormcallers
  2 war gargoyles
  8 quicksilver oozes
  7 ironbound preservers
  5 spriggan defenders
  10 formless jellyfish
  15 stone giants
  A juggernaut skeleton (Depths:3)
  6 very ugly things
  9 ironbound thunderhulks
  4 vampire knights
  8 yellow draconians
  8 eleionomae
  5 green draconians
  6 black draconians
  5 white draconians
  5 bunyips
  Azrael (Snake:1)
  4 deep elf annihilators (Elf:3)
  5 purple draconians
  17 dire elephants
  8 deep elf demonologists
  9 spark wasps
  3 red draconians
  An ettin (shapeshifter) (Depths:2)
  5 deep elf death magi
  A green death (Zot:2)
  2 crystal guardians
  The ghost of niknal the Basher, a journeyman TrWr of Hepliaklqana (D:8)
  15 ettins
  17 fire dragons
  10 yaktaur captains
  A shambling mangrove (Swamp:1)
  2 entropy weavers (Vaults:1)
  6 rakshasas
  7 deep elf high priests (Elf:3)
  8 great orbs of eyes
  14 hydras
  3 vault guards
  11 ice dragons
  Erolcha (D:13)
  2 hell beasts
  2 salamander tyrants (Snake:4)
  3 peacekeepers
  Harold (D:9)
  A ghost crab (Swamp:4)
  5 spriggan air magi
  A catoblepas (Lair:4)
  15 alligators
  5 boulder beetles
  5 centaur warriors
  13 anacondas
  5 two-headed ogres
  17 naga warriors
  7 dancing weapons
  3 deep troll shamans
  3 ironbound frosthearts
  12 tengu warriors
  A hell hog (Depths:2)
  2 vampire magi (Depths:3)
  3 spriggan berserkers
  10 deep troll earth magi
  20 death yaks
  3 orc high priests (Orc:2)
  A storm dragon zombie (Depths:3)
  11 shock serpents
  6 hell knights
  14 deep elf knights
  11 naga sharpshooters
  7 salamander mystics
  A sun demon (Depths:3)
  A sixfirhy (Depths:3)
  2 skysharks
  A soul eater (Depths:3)
  2 iron trolls (Depths:1)
  5 goliath frogs
  Amaemon (Lair:1)
  4 skeletal warriors (D:14)
  4 spriggan druids
  38 deep trolls
  4 flayed ghosts (Depths:3)
  5 glowing orange brains
  12 ironbound convokers
  9 deep elf archers
  4 swamp dragons
  3 naga ritualists
  22 lindwurms
  A golden dragon skeleton (Depths:3)
  A wolf spider zombie (D:15)
  12 mana vipers
  27 deep elf pyromancers
  5 bog bodies
  11 wizards
  7 orc knights
  A phantasmal warrior (Vaults:2)
  4 shining eyes
  43 ugly things
  A mana viper (shapeshifter) (Depths:4)
  6 cyclopes
  A tengu skeleton (Depths:3)
  A necromancer (Depths:3)
  6 orc sorcerers
  3 manticores
  23 deep elf zephyrmancers
  An oklob plant (Lair:3)
  22 salamanders
  5 will-o-the-wisps
  45 black mambas
  Joseph (D:9)
  A toenail golem (Depths:3)
  6 moths of wrath
  14 vault sentinels
  3 torpor snails
  8 naga magi
  A torpor snail (shapeshifter) (Depths:1)
  2 molten gargoyles (Lair:5)
  9 guardian serpents
  13 elephants
  An eye of devastation (shapeshifter) (Vaults:3)
  5 eyes of devastation
  3 orange demons
  Jeremiah (D:6)
  A gargoyle (D:12)
  17 cane toads
  2 rime drakes
  A yaktaur (shapeshifter) (Elf:1)
  A redback zombie (D:15)
  11 komodo dragons
  Maggie (Lair:1)
  2 unseen horrors (D:12)
  4 freezing wraiths (Swamp:4)
  14 yaktaurs
  2 tengu conjurers
  8 tyrant leeches
  A polar bear (shapeshifter) (D:15)
  A meliai (D:8)
  A red devil (Zot:5)
  5 trolls
  A bloated husk (Swamp:3)
  2 dream sheep (Lair:3)
  Grinder (D:6)
  4 blink frogs (Lair:2)
  17 hornets
  2 meliai zombies (D:15)
  A fire giant simulacrum (Depths:3)
  88 slime creatures
  A vampire (D:13)
  An air elemental (Elf:2)
  19 spriggans
  3 wyverns
  A centaur simulacrum (D:15)
  5 wraiths
  Sigmund (D:3)
  8 water elementals
  7 fire elementals
  52 yaks
  3 basilisks
  18 golden eyes
  2 hogs (Elf:1)
  3 swamp worm simulacra (Swamp:4)
  Eustachio (D:5)
  3 redbacks (Vaults:1)
  14 vampire mosquitoes
  A chaos spawn (Depths:3)
  3 steam dragons
  15 hydra simulacra (Swamp:4)
  45 nagas
  10 swamp worms
  7 hell hounds
  Duvessa (D:5)
  11 water moccasins
  A swamp drake (Swamp:1)
  A floating eye (Depths:3)
  3 ice beasts
  47 orc warriors
  2 hornet zombies (D:15)
  2 black bears
  9 ogres
  10 wolves
  16 centaurs
  2 kobold brigands (D:8)
  7 bullfrogs
  2 necrophages (D:4)
  3 scorpions
  An earth elemental (Elf:3)
  4 wights (D:8)
  Dowan (D:5)
  A killer bee (shapeshifter) (Depths:2)
  3 howler monkeys
  An electric eel (Lair:2)
  5 lava snakes (Lair:5)
  10 centaur zombies
  A human zombie (D:4)
  Crazy Yiuf (D:5)
  4 gnoll boudas
  2 hounds
  4 jellies
  29 orc priests
  2 sleepcaps
  5 iguanas
  2 scorpion zombies (D:4)
  A boggart zombie (D:15)
  Ijyb (D:3)
  31 orc wizards
  A hound zombie (D:4)
  Robin (D:3)
  13 adders
  14 gnolls
  3 white imps
  2 ufetubi
  5 swamp drake simulacra (Swamp:4)
  3 adder zombies (D:4)
  2 worms
  3 dart slugs
  105 orcs
  8 ball pythons
  3 endoplasms
  4 giant cockroaches
  14 goblins
  9 hobgoblins
  5 quokkas
  2 bats
  4 frilled lizards
  A jackal zombie (D:4)
  10 kobolds
  A quokka zombie (D:4)
  12 rats
  A butterfly (Lair:2)
1946 creatures vanquished.

Vanquished Creatures (collateral kills)
  6 Orb Guardians (Zot:5)
  A draconian monk (Zot:1)
  A draconian stormcaller (Zot:1)
  2 green draconians
  A moth of wrath (Zot:4)
11 creatures vanquished.

Vanquished Creatures (others)
  An ironbound thunderhulk (Vaults:2)
  A green draconian (Zot:1)
  A moth of wrath (Zot:4)
  A bloated husk (Swamp:2)
  A human (Elf:1)
  8 foxfires
13 creatures vanquished.

Grand Total: 1970 creatures vanquished

Notes
Turn   | Place    | Note
-------+----------+-------------------------------------------
     0 | D:1      | EnegeticOcto the Spriggan Venom Mage began the quest for
                  | the Orb.
     0 | D:1      | Reached XP level 1. HP: 9/9 MP: 5/5
   115 | D:1      | Reached skill level 3 in Spellcasting
   222 | D:1      | Reached XP level 2. HP: 13/13 MP: 3/7
   357 | D:1      | Learned a level 2 spell: Poisonous Vapours
   453 | D:1      | Reached skill level 4 in Spellcasting
   960 | D:1      | Found an iron altar of Okawaru.
   988 | D:2      | Reached XP level 3. HP: 16/16 MP: 9/9
  1062 | D:2      | Reached skill level 1 in Air Magic
  1209 | D:2      | Learned a level 3 spell: Mephitic Cloud
  1434 | D:2      | Reached skill level 4 in Stealth
  2156 | D:3      | Noticed Robin
  2251 | D:2      | Reached XP level 4. HP: 21/21 MP: 6/11
  2743 | D:3      | Noticed Ijyb
  2759 | D:3      | Killed Ijyb
  3129 | D:3      | Killed Robin
  3147 | D:3      | Reached XP level 5. HP: 25/25 MP: 1/12
  3340 | D:3      | Found a faded altar of an unknown god.
  3612 | D:3      | Reached skill level 1 in Fighting
  3612 | D:3      | Reached skill level 5 in Stealth
  3715 | D:3      | Noticed Sigmund
  3732 | D:3      | Killed Sigmund
  3733 | D:3      | Reached skill level 5 in Spellcasting
  3733 | D:3      | Reached skill level 2 in Air Magic
  3733 | D:3      | Reached skill level 4 in Poison Magic
  3733 | D:3      | Reached XP level 6. HP: 30/30 MP: 0/15
  4377 | D:3      | Found a faded altar of an unknown god.
  4691 | D:4      | Reached skill level 2 in Fighting
  4795 | D:4      | Reached skill level 6 in Spellcasting
  5043 | D:4      | Reached XP level 7. HP: 34/35 MP: 8/17
  5048 | D:4      | Learned a level 4 spell: Olgreb's Toxic Radiance
  5364 | D:4      | Reached skill level 5 in Poison Magic
  5408 | D:4      | Found a staircase to the Ecumenical Temple.
  5567 | Temple   | Entered the Ecumenical Temple
  5589 | Temple   | Became a worshipper of Sif Muna the Loreminder
  6155 | D:4      | Reached skill level 6 in Poison Magic
  6213 | D:5      | Entered Level 5 of the Dungeon
  6219 | D:5      | Reached skill level 3 in Fighting
  6219 | D:5      | Reached skill level 3 in Dodging
  6405 | D:5      | Noticed Duvessa
  6405 | D:5      | Noticed Dowan
  6423 | D:5      | Killed Duvessa
  6424 | D:5      | Reached skill level 4 in Dodging
  6424 | D:5      | Reached XP level 8. HP: 40/40 MP: 5/18
  6439 | D:5      | Killed Dowan
  6569 | D:5      | Reached skill level 4 in Fighting
  6569 | D:5      | Reached skill level 5 in Dodging
  6569 | D:5      | Reached skill level 1 in Evocations
  6573 | D:5      | Reached skill level 4 in Evocations
  6579 | D:5      | Reached skill level 5 in Evocations
  6594 | D:5      | Reached skill level 6 in Evocations
  6676 | D:5      | Reached skill level 7 in Poison Magic
  6906 | D:5      | Reached XP level 9. HP: 45/45 MP: 12/19
  7050 | D:5      | Noticed Eustachio
  7067 | D:5      | Killed Eustachio
  7207 | D:5      | Reached skill level 8 in Poison Magic
  7406 | D:5      | Reached * piety under Sif Muna
  7676 | D:5      | Found a runed translucent door.
  7677 | D:5      | Noticed Crazy Yiuf
  7694 | D:5      | Killed Crazy Yiuf
  8100 | D:6      | Reached skill level 9 in Poison Magic
  8294 | D:6      | Noticed Grinder
  8318 | D:6      | Killed Grinder
  8319 | D:6      | Reached skill level 6 in Stealth
  8483 | D:6      | Reached skill level 5 in Fighting
  8714 | D:6      | Noticed Jeremiah
  8827 | D:6      | Killed Jeremiah
  8828 | D:6      | Reached skill level 3 in Invocations
  9397 | D:6      | Found a snail-covered altar of Cheibriados.
  9397 | D:6      | Found an opulent altar of Gozag.
  9397 | D:6      | Found a sacrificial altar of Ru.
  9447 | D:7      | Reached skill level 4 in Invocations
  9690 | D:7      | Reached skill level 5 in Invocations
  9919 | D:7      | Reached XP level 10. HP: 51/51 MP: 13/20
 10090 | D:8      | Found a staircase to the Lair.
 10355 | D:8      | Found a runed translucent gate.
 10374 | D:8      | Noticed niknal's ghost (journeyman TrWr)
 10376 | D:8      | Found a runed translucent gate.
 10377 | D:8      | Found a runed translucent gate.
 10398 | D:8      | Noticed a two-headed ogre
 10399 | D:8      | Noticed a two-headed ogre
 10511 | D:8      | Reached ** piety under Sif Muna
 10512 | D:8      | Reached skill level 6 in Invocations
 10891 | D:8      | Reached skill level 7 in Spellcasting
 11278 | D:9      | Reached skill level 8 in Spellcasting
 11337 | D:8      | Reached skill level 6 in Dodging
 11524 | D:9      | Reached skill level 7 in Dodging
 11525 | D:9      | Reached skill level 6 in Fighting
 11700 | D:9      | Found Zirphu's Antique Armour Shoppe.
 11702 | D:9      | Found a stormy altar of Qazlal.
 11714 | D:9      | Noticed Joseph
 11742 | D:9      | Killed Joseph
 11743 | D:9      | Reached skill level 8 in Dodging
 11785 | D:9      | Found an iron altar of Okawaru.
 11791 | D:9      | Noticed a two-headed ogre
 11804 | D:9      | Reached skill level 1 in Conjurations
 11905 | D:9      | Killed a two-headed ogre
 11906 | D:9      | Reached XP level 11. HP: 58/58 MP: 9/24
 12194 | D:9      | Found Necruwuz's Distillery.
 12200 | D:9      | Bought a potion of curing for 42 gold pieces
 12200 | D:9      | Bought a potion of heal wounds for 70 gold pieces
 12200 | D:9      | Bought a potion of curing for 42 gold pieces
 12200 | D:9      | Bought a potion of curing for 42 gold pieces
 12200 | D:9      | Bought a potion of attraction for 42 gold pieces
 12222 | D:9      | Noticed Harold
 12247 | D:9      | Killed Harold
 12248 | D:9      | Reached skill level 2 in Conjurations
 12359 | D:9      | Found Aphuidwaxko's Book Shop.
 12392 | D:9      | Found Qina's Book Shoppe.
 12411 | D:9      | Found Koco's General Store.
 12417 | D:9      | Bought a scroll of fog for 56 gold pieces
 12417 | D:9      | Bought a scroll of immolation for 56 gold pieces
 12609 | D:10     | Entered Level 10 of the Dungeon
 12613 | D:10     | Reached skill level 7 in Fighting
 12616 | D:10     | Reached skill level 9 in Dodging
 13177 | D:10     | Reached *** piety under Sif Muna
 13208 | D:10     | Reached skill level 10 in Dodging
 13443 | D:10     | Reached skill level 3 in Air Magic
 14056 | Lair:1   | Entered Level 1 of the Lair of Beasts
 14056 | Lair:1   | Noticed Maggie
 14172 | D:11     | Noticed a white ugly thing
 14216 | D:11     | Killed a white ugly thing
 14217 | D:11     | Reached skill level 4 in Air Magic
 14352 | D:11     | Noticed a two-headed ogre
 14369 | D:11     | Killed a two-headed ogre
 14370 | D:11     | Reached skill level 5 in Air Magic
 14860 | D:12     | Found a staircase to the Orcish Mines.
 14873 | D:12     | Reached skill level 6 in Air Magic
 15083 | D:12     | Reached skill level 7 in Air Magic
 15165 | Orc:1    | Entered Level 1 of the Orcish Mines
 15302 | Orc:2    | Entered Level 2 of the Orcish Mines
 15304 | Orc:2    | Noticed an orc knight
 15307 | Orc:2    | Reached **** piety under Sif Muna
 15323 | Orc:2    | Killed an orc knight
 15415 | Orc:1    | Reached skill level 8 in Air Magic
 15415 | Orc:1    | Reached XP level 12. HP: 63/63 MP: 12/25
 15764 | D:9      | Bought a book of Air for 308 gold pieces
 15769 | D:9      | Learned a level 4 spell: Airstrike
 15970 | Lair:1   | Killed Maggie
 15971 | Lair:1   | Reached skill level 9 in Air Magic
 16244 | Lair:1   | Reached skill level 10 in Air Magic
 16544 | Lair:1   | Noticed Amaemon
 16548 | Lair:1   | Killed Amaemon
 16548 | Lair:1   | Reached ***** piety under Sif Muna
 16551 | Lair:1   | Received a gift from Sif Muna
 16554 | Lair:1   | Got Sif Muna's Notes on Damaging Allies {god gift}
 16585 | Lair:1   | Reached skill level 11 in Air Magic
 16919 | Lair:2   | Noticed a seven-headed hydra
 17017 | Lair:2   | Noticed a death yak
 17025 | Lair:2   | Noticed a death yak
 17027 | Lair:2   | Noticed a death yak
 17029 | Lair:2   | Noticed a death yak
 17049 | Lair:1   | Killed a death yak
 17346 | Lair:2   | Killed a seven-headed hydra
 17347 | Lair:2   | Reached skill level 12 in Air Magic
 17389 | Lair:2   | Noticed a death yak
 17415 | Lair:2   | Killed a death yak
 17416 | Lair:2   | Reached skill level 1 in Armour
 17416 | Lair:2   | Killed a death yak
 17421 | Lair:2   | Killed a death yak
 17548 | Lair:2   | Killed a death yak
 17549 | Lair:2   | Reached skill level 2 in Armour
 17549 | Lair:2   | Reached XP level 13. HP: 67/67 MP: 13/26
 17633 | Lair:2   | Reached skill level 9 in Spellcasting
 17796 | Lair:2   | Found a staircase to the Snake Pit.
 18157 | Lair:2   | Reached skill level 3 in Armour
 18438 | Lair:2   | Reached skill level 10 in Spellcasting
 18442 | Lair:2   | Reached skill level 4 in Armour
 18827 | Lair:2   | Found a staircase to the Swamp.
 18832 | Lair:2   | Reached skill level 7 in Invocations
 19363 | Lair:3   | Reached skill level 8 in Invocations
 19549 | Lair:3   | Reached skill level 9 in Invocations
 20114 | Lair:4   | Reached skill level 10 in Invocations
 20522 | Lair:4   | Received a gift from Sif Muna
 21220 | Lair:5   | Entered Level 5 of the Lair of Beasts
 21220 | Lair:5   | Found a viscous altar of Jiyva.
 21220 | Lair:5   | Found a staircase to the Slime Pits.
 21386 | Lair:5   | Reached XP level 14. HP: 72/72 MP: 15/29
 21461 | Lair:5   | Reached skill level 11 in Dodging
 21756 | Lair:5   | Reached skill level 8 in Fighting
 21872 | Lair:5   | Reached skill level 12 in Dodging
 22358 | Lair:5   | Reached skill level 9 in Fighting
 22838 | Orc:2    | Found a staircase to the Elven Halls.
 22876 | Orc:2    | Noticed an orc warlord
 22898 | Orc:2    | Killed an orc warlord
 22926 | Orc:2    | Reached skill level 10 in Fighting
 22926 | Orc:2    | Received a gift from Sif Muna
 22980 | Orc:2    | Got Sif Muna's Opusculum on Bombardment and Bad Luck {god
                  | gift}
 23225 | Orc:2    | Reached skill level 11 in Invocations
 23528 | Orc:2    | Found Weras's General Store.
 23529 | Orc:2    | Found Kiogrex's Jewellery Shop.
 23531 | Orc:2    | Found Heg Zut's Antique Armour Boutique.
 23531 | Orc:2    | Found Inuojief's Antique Weapon Boutique.
 23548 | Orc:2    | Bought an amulet of guardian spirit for 420 gold pieces
 23561 | Orc:2    | Bought a scroll of blinking for 97 gold pieces
 23569 | Orc:2    | Bought a transparent robe for 102 gold pieces
 23569 | Orc:2    | Identified the +2 robe of the Merwolf {rF+ Will+ rCorr
                  | Slay-2} (You bought it in a shop on level 2 of the Orcish
                  | Mines)
 25317 | D:12     | Reached skill level 12 in Invocations
 25490 | D:9      | Bought a book of Lightning for 504 gold pieces
 25496 | D:9      | Learned a level 5 spell: Arcjolt
 25503 | D:9      | Learned a level 6 spell: Plasma Beam
 26231 | D:13     | Reached XP level 15. HP: 74/80 MP: 9/30
 26562 | D:13     | Found the +10 tower shield of Ignorance {rN+ Int-4}
 26616 | D:13     | Reached skill level 3 in Conjurations
 26992 | D:13     | Noticed Erolcha
 27015 | D:13     | Killed Erolcha
 27224 | D:14     | Found Acaar's Distillery.
 27233 | D:13     | Reached skill level 11 in Spellcasting
 27301 | D:14     | Bought a potion of heal wounds for 60 gold pieces
 27499 | D:14     | Reached skill level 4 in Conjurations
 27568 | D:14     | Found a gate to the Vaults.
 27939 | D:14     | Received a gift from Sif Muna
 27948 | D:14     | Got Sif Muna's Volume of the Unified Sphinx {god gift}
 27979 | D:14     | Found a frozen archway.
 27996 | IceCv    | Entered an ice cave
 28499 | D:14     | Reached skill level 12 in Spellcasting
 28518 | D:14     | Got the Parchment of Burning and Glamour
 28607 | D:15     | Entered Level 15 of the Dungeon
 28942 | D:15     | Reached skill level 5 in Conjurations
 30075 | D:15     | Found a sparkling altar of Nemelex Xobeh.
 30800 | D:15     | Reached skill level 13 in Spellcasting
 30825 | D:15     | Found a basalt altar of Yredelemnul.
 30928 | D:15     | Reached skill level 6 in Conjurations
 31304 | D:15     | Reached skill level 14 in Spellcasting
 31311 | D:15     | Reached skill level 1 in Fire Magic
 31582 | D:15     | Reached skill level 2 in Fire Magic
 31960 | Snake:1  | Entered Level 1 of the Snake Pit
 32196 | Snake:1  | Reached skill level 3 in Fire Magic
 32422 | Snake:1  | Received a gift from Sif Muna
 32434 | Snake:1  | Reached skill level 4 in Fire Magic
 32434 | Snake:1  | Reached XP level 16. HP: 85/85 MP: 1/35
 32491 | Snake:1  | Got Jucinuapt's Elucidation of the Toxic Crevasse {god
                  | gift}
 32503 | Snake:1  | Found Toef's Jewellery Shop.
 32504 | Snake:1  | Found Irapeweidgh's Book Shoppe.
 32504 | Snake:1  | Found Feg Xyul's Book Shoppe.
 32979 | Snake:1  | Reached skill level 5 in Fire Magic
 33476 | Snake:1  | Noticed Azrael
 33696 | Snake:1  | Killed Azrael
 33851 | Snake:1  | Reached skill level 6 in Fire Magic
 34912 | Snake:2  | Reached skill level 7 in Fire Magic
 35537 | Snake:2  | Reached skill level 8 in Fire Magic
 36093 | Snake:2  | Reached skill level 9 in Fire Magic
 36199 | Snake:3  | Received a gift from Sif Muna
 37035 | Snake:3  | HP: 2/85 [shock serpent/bolt of electricity (21)]
 38876 | Snake:3  | Reached skill level 10 in Fire Magic
 39195 | Snake:3  | Identified the +1 leather armour of Emozxipp {rElec}
 39576 | Snake:4  | Entered Level 4 of the Snake Pit
 41269 | Snake:4  | Reached skill level 15 in Spellcasting
 41757 | Snake:4  | Reached XP level 17. HP: 89/89 MP: 5/37
 42647 | Snake:4  | Reached skill level 16 in Spellcasting
 43471 | Swamp:1  | Entered Level 1 of the Swamp
 44194 | Swamp:1  | Received a gift from Sif Muna
 44421 | Swamp:1  | Noticed Nikola
 44431 | Swamp:1  | Killed Nikola
 44763 | Swamp:1  | Reached skill level 17 in Spellcasting
 45458 | Swamp:2  | Noticed Aizul
 45467 | Swamp:1  | Killed Aizul
 46164 | Swamp:2  | Noticed Frances
 46972 | Swamp:2  | Reached skill level 18 in Spellcasting
 48044 | Swamp:2  | Killed Frances
 48546 | Swamp:3  | Noticed a tentacled monstrosity
 48572 | Swamp:3  | Noticed a tentacled monstrosity
 51580 | Snake:4  | Reached XP level 18. HP: 93/93 MP: 28/41
 51731 | Snake:4  | Got a serpentine rune of Zot
 51756 | Snake:4  | Upgraded the game from 0.31-a0-664-g902f515a81 to
                  | 0.31-a0-667-g39726597b9
 52107 | Vaults:1 | Entered Level 1 of the Vaults
 52195 | Vaults:1 | Reached skill level 11 in Fire Magic
 52347 | Vaults:1 | Reached skill level 19 in Spellcasting
 52432 | Vaults:1 | Found Hukkebau's General Store.
 52440 | Vaults:1 | Bought 2 curare-tipped darts for 26 gold pieces
 52499 | Vaults:1 | Reached skill level 13 in Air Magic
 53563 | Vaults:1 | Found Pyrealith's Assorted Antiques.
 53786 | Vaults:1 | Bought a potion of heal wounds for 190 gold pieces
 53786 | Vaults:1 | Bought a potion of heal wounds for 190 gold pieces
 54165 | Vaults:1 | Noticed Zenata
 54201 | Vaults:1 | Killed Zenata
 55884 | Vaults:1 | Noticed Asterion
 55891 | Vaults:1 | Killed Asterion
 55936 | Vaults:1 | Received a gift from Sif Muna
 55939 | Vaults:1 | Got Sif Muna's Compendium of Ashes {god gift}
 56236 | Vaults:2 | Found a flickering gateway to a bazaar.
 56246 | Bazaar   | Entered a bazaar
 56382 | Bazaar   | Found Nuonyer's Jewellery Shop.
 56396 | Bazaar   | Found Uder's Book Shop.
 56432 | Bazaar   | Bought a ring of magical power for 140 gold pieces
 56682 | Vaults:2 | Reached skill level 20 in Spellcasting
 56692 | Vaults:2 | Identified the ring "Poudomepio" {MP+9 Int+5 SInv}
 56790 | Vaults:2 | Reached skill level 12 in Fire Magic
 57337 | Vaults:2 | Reached skill level 14 in Air Magic
 57451 | Vaults:2 | Identified the ring of Fintun {rN+ Str+6 Int+5}
 58148 | Vaults:2 | You fall into a shaft and drop 2 floors!
 58221 | Vaults:4 | Reached skill level 7 in Evocations
 58790 | Vaults:3 | Found a staircase to the Crypt.
 58815 | Vaults:3 | Noticed a bone dragon
 58832 | Vaults:3 | Killed a bone dragon
 58833 | Vaults:3 | Reached skill level 13 in Dodging
 58833 | Vaults:3 | Reached XP level 19. HP: 98/98 MP: 41/44
 58901 | Vaults:3 | Reached skill level 8 in Evocations
 60012 | Vaults:3 | Reached skill level 9 in Evocations
 60237 | Vaults:3 | Identified the +0 robe of Amorality {Drain Int+5}
 61018 | Vaults:4 | Reached skill level 14 in Dodging
 61526 | Vaults:4 | Reached skill level 10 in Evocations
 61606 | Vaults:4 | Reached skill level 15 in Air Magic
 62163 | Vaults:4 | Reached skill level 11 in Evocations
 62164 | Vaults:4 | Reached skill level 15 in Dodging
 62295 | Vaults:4 | Identified the +1 leather armour of the Volcano {rPois rC-
                  | rN++ Dex+3}
 62660 | Vaults:4 | Received a gift from Sif Muna
 62664 | Vaults:4 | Got Ruolutu's Atlas of Geometries and Venin {god gift}
 63127 | Elf:1    | Entered Level 1 of the Elven Halls
 64283 | Elf:1    | Reached skill level 12 in Evocations
 64293 | Elf:1    | Noticed Kirke
 64296 | Elf:1    | Killed Kirke
 64316 | Elf:1    | Noticed Jorgrun
 64339 | Elf:1    | Killed Jorgrun
 64340 | Elf:1    | Reached skill level 16 in Dodging
 64419 | Elf:1    | Noticed Louise
 64421 | Elf:1    | Killed Louise
 65008 | Elf:1    | Got the Elucidation of Battle Magic
 65314 | Elf:2    | Reached skill level 17 in Dodging
 65813 | Elf:2    | Found a runed translucent gate.
 65813 | Elf:2    | Found a runed translucent gate.
 65814 | Elf:2    | Found a runed translucent gate.
 65847 | Elf:2    | Reached XP level 20. HP: 102/102 MP: 45/45
 66763 | Elf:3    | Entered Level 3 of the Elven Halls
 66779 | Elf:3    | Found Hesuetaf's Distillery.
 66852 | Elf:3    | Bought a potion of heal wounds for 70 gold pieces
 66872 | Elf:3    | Reached skill level 18 in Dodging
 68294 | Elf:3    | Received a gift from Sif Muna
 68298 | Elf:3    | Got Sif Muna's Vellum of the Enchanted Throng {god gift}
 68473 | Elf:3    | Identified the ring "Winoamp" {rPois SInv}
 68655 | Elf:3    | Identified the +6 chain mail of Mukhletoo {rPois Int+2
                  | Slay+2}
 68844 | Elf:3    | Identified the +5 scimitar of Courage {spect, Fly rPois
                  | Dex+3}
 69602 | Elf:3    | Identified the +8 chain mail "Kies" {Contam +Blink Regen+
                  | Int+2 Slay-3}
 69709 | Elf:3    | Identified the +9 war axe of the Uplifting Priest {distort,
                  | rF+ Will++}
 70074 | Elf:3    | Identified the amulet of Sonihud {Acrobat Stlth+}
 70604 | D:15     | Found a staircase to the Depths.
 70618 | Depths:1 | Entered Level 1 of the Depths
 71124 | Swamp:2  | Reached skill level 11 in Fighting
 71758 | Swamp:3  | Reached skill level 21 in Spellcasting
 72410 | Swamp:3  | Identified a scroll of acquirement
 72420 | Swamp:3  | Acquired 1008 gold pieces
 72991 | Swamp:4  | Entered Level 4 of the Swamp
 73248 | Swamp:4  | Reached skill level 16 in Air Magic
 73576 | Swamp:3  | Learned a level 8 spell: Maxwell's Capacitive Coupling
 74823 | Swamp:4  | Reached XP level 21. HP: 109/109 MP: 43/47
 74838 | Swamp:4  | Got a decaying rune of Zot
 75623 | Depths:1 | Noticed the Enchantress
 75628 | Depths:1 | Killed the Enchantress
 75631 | Depths:1 | Reached skill level 12 in Fighting
 76030 | Depths:1 | Found a one-way gate leading to the halls of Pandemonium.
 76232 | Depths:1 | Found Ucerulat's Assorted Antiques.
 76232 | Depths:1 | Found Gomoycke's Armour Emporium.
 76277 | Depths:1 | Found a basalt altar of Yredelemnul.
 76282 | Depths:1 | Found Weolaop's Evil Emporium.
 76343 | Depths:1 | Found a gateway to Hell.
 76895 | Depths:2 | Reached skill level 22 in Spellcasting
 78037 | Depths:2 | Reached skill level 17 in Air Magic
 79283 | Depths:2 | Noticed a juggernaut
 79847 | Depths:2 | Received a gift from Sif Muna
 79861 | Depths:2 | Got Sif Muna's Elucidation of Amalgamated Attacks {god
                  | gift}
 80071 | Depths:2 | Killed a juggernaut
 80094 | Depths:2 | Reached skill level 23 in Spellcasting
 80779 | D:4      | Found an ancient bone altar of Kikubaaqudgha.
 80993 | D:8      | Killed niknal's ghost
 81267 | D:14     | Bought a potion of cancellation for 96 gold pieces
 81944 | Lair:5   | Found a large runed translucent door.
 81944 | Lair:5   | Found a large runed translucent door.
 82265 | Lair:5   | Got the Dissertation on the Sepulchral Bane
 83429 | Depths:3 | Reached XP level 22. HP: 89/115 MP: 25/50
 83659 | Depths:3 | Reached skill level 18 in Air Magic
 84478 | Depths:3 | Noticed a golden dragon
 84486 | Depths:3 | Killed a golden dragon
 84894 | Depths:3 | Reached skill level 24 in Spellcasting
 85005 | Depths:3 | Identified the +0 chain mail of Kuhalugym {Slay+2}
 85209 | Depths:3 | Noticed a golden dragon
 85215 | Depths:3 | Killed a golden dragon
 85268 | Depths:3 | Reached skill level 19 in Air Magic
 85833 | Depths:3 | Noticed an ancient lich
 85833 | Depths:3 | Noticed an ancient lich
 85833 | Depths:3 | Found a one-way gateway to a ziggurat.
 85837 | Depths:3 | Killed an ancient lich
 85843 | Depths:3 | Killed an ancient lich
 86335 | Depths:4 | Entered Level 4 of the Depths
 86953 | Depths:4 | HP: 1/115 [spark wasp (11)]
 87740 | Depths:4 | Found a broken altar of Ashenzari.
 87754 | Depths:4 | Reached skill level 20 in Air Magic
 87864 | Depths:4 | Noticed a golden dragon
 87869 | Depths:4 | Killed a golden dragon
 88385 | Depths:3 | Noticed a golden dragon
 88399 | Depths:3 | Killed a golden dragon
 88874 | Depths:3 | Found a one-way gate to the infinite horrors of the Abyss.
 89216 | Depths:4 | Found a glowing silver altar of Zin.
 90566 | Depths:3 | Received a gift from Sif Muna
 90723 | Depths:4 | Noticed a golden dragon
 90760 | Depths:4 | Killed a golden dragon
 90939 | Depths:4 | Reached XP level 23. HP: 83/121 MP: 19/52
 91290 | Depths:4 | Found a gate to the Realm of Zot.
 91787 | Orc:2    | Bought a scroll of immolation for 52 gold pieces
 91787 | Orc:2    | Bought a scroll of teleportation for 39 gold pieces
 91883 | Elf:3    | Bought a potion of haste for 140 gold pieces
 91883 | Elf:3    | Bought a potion of haste for 140 gold pieces
 91883 | Elf:3    | Bought a potion of enlightenment for 70 gold pieces
 91883 | Elf:3    | Bought a potion of ambrosia for 112 gold pieces
 92050 | D:14     | Bought a potion of curing for 36 gold pieces
 92050 | D:14     | Bought a potion of curing for 36 gold pieces
 92294 | Slime:1  | Entered Level 1 of the Pits of Slime
 93059 | Slime:2  | Reached skill level 13 in Invocations
 93223 | Slime:2  | Reached skill level 19 in Dodging
 94382 | Slime:5  | Entered Level 5 of the Pits of Slime
 94413 | Slime:4  | Received a gift from Sif Muna
 94423 | Slime:4  | Got Sif Muna's Omnibus of Translocation and Nephomancy {god
                  | gift}
 94705 | Slime:5  | Noticed the Royal Jelly
 94711 | Slime:5  | Killed the Royal Jelly
 94712 | Slime:5  | Reached skill level 13 in Fighting
 97819 | Slime:5  | Found the +2 Maxwell's thermic engine {flame, freeze, rev}
 98262 | Slime:5  | Reached skill level 20 in Dodging
 98262 | Slime:5  | Reached skill level 14 in Invocations
 98288 | Slime:5  | Identified the amulet "Ceutab" {Reflect Fragile +Blink
                  | rPois rC++ SH+5}
 98302 | Slime:5  | Identified the staff of Fortitude {rN+ Dex+3 Necro}
 98580 | Slime:5  | Got a slimy rune of Zot
 98586 | Slime:5  | Identified the +1 ring mail of the Game of Life {Harm rPois
                  | Regen+ Dex+3}
 98601 | Slime:5  | Found the +4 robe of Folly {Brill Will-∞ Int+8}
 98623 | Slime:5  | Identified the +8 scimitar "Pifod" {heavy, rPois rF+}
 98650 | Slime:5  | Identified the +1 robe of Tenacity {Harm rC- Dex+9
                  | Archmagi}
100603 | Zot:1    | Entered Level 1 of the Realm of Zot
101107 | Zot:1    | Reached skill level 5 in Armour
101615 | Depths:4 | Reached skill level 14 in Fighting
101954 | Zot:1    | Noticed an orb of fire
102201 | Zot:1    | Gained mutation: You are frail. (-10% HP) [an orb of fire]
102211 | Zot:1    | Gained mutation: Your body sometimes deteriorates upon
                  | taking damage. [an orb of fire]
102218 | Zot:1    | Killed an orb of fire
102304 | Zot:2    | Identified the ring "Qoeruwk" {Ice rCorr Str+2 Int+3}
102304 | Zot:2    | Noticed Josephina
102355 | Zot:2    | Found a transporter.
102591 | Zot:3    | Reached skill level 6 in Armour
102824 | Zot:3    | Reached skill level 15 in Fighting
103295 | D:9      | Bought Kumoy's Dissertation on the Unholy Pyre for 500 gold
                  | pieces
104289 | Zot:3    | Reached skill level 16 in Fighting
104431 | Zot:3    | Reached XP level 24. HP: 119/119 MP: 44/52
106646 | Zot:5    | Entered Level 5 of the Realm of Zot
106647 | Zot:5    | Found a huge runed gate.
106647 | Zot:5    | Found a huge runed gate.
106647 | Zot:5    | Found a huge runed gate.
106647 | Zot:5    | Found a huge runed gate.
106647 | Zot:5    | Found a huge runed gate.
106647 | Zot:5    | Found a huge runed gate.
106647 | Zot:5    | Found a huge runed gate.
106647 | Zot:5    | Found a huge runed gate.
106647 | Zot:5    | Found a huge runed gate.
106704 | Zot:5    | Found a huge runed gate.
106705 | Zot:5    | Found a huge runed gate.
106705 | Zot:5    | Found a huge runed gate.
106705 | Zot:5    | Found a huge runed gate.
106706 | Zot:5    | Found a huge runed gate.
106707 | Zot:5    | Found a huge runed gate.
106709 | Zot:5    | Found a huge runed gate.
106710 | Zot:5    | Found a huge runed gate.
106711 | Zot:5    | Found a huge runed gate.
106712 | Zot:5    | Found a huge runed gate.
107631 | Zot:5    | Found a huge runed gate.
107631 | Zot:5    | Found a huge runed gate.
107631 | Zot:5    | Found a huge runed gate.
107631 | Zot:5    | Found a huge runed gate.
107631 | Zot:5    | Found a huge runed gate.
107631 | Zot:5    | Found a huge runed gate.
107632 | Zot:5    | Found a huge runed gate.
107700 | Zot:5    | Reached skill level 21 in Dodging
107880 | Zot:5    | Found a huge runed gate.
107880 | Zot:5    | Found a huge runed gate.
107885 | Zot:5    | Found a huge runed gate.
107885 | Zot:5    | Found a huge runed gate.
107885 | Zot:5    | Found a huge runed gate.
107885 | Zot:5    | Found a huge runed gate.
107955 | Zot:5    | Noticed a Killer Klown
107970 | Zot:5    | Killed a Killer Klown
108132 | Zot:5    | Noticed a dread lich
108139 | Zot:5    | Killed a dread lich
108140 | Zot:5    | Reached skill level 17 in Fighting
108302 | Zot:5    | Found a huge runed gate.
108303 | Zot:5    | Found a huge runed gate.
108304 | Zot:5    | Found a huge runed gate.
108305 | Zot:5    | Found a huge runed gate.
108949 | Zot:5    | Noticed a Killer Klown
108964 | Zot:5    | Killed a Killer Klown
109418 | Zot:5    | Noticed a Killer Klown
109418 | Zot:5    | Noticed a Killer Klown
109418 | Zot:5    | Noticed a dread lich
109421 | Zot:5    | Found a huge runed gate.
109422 | Zot:5    | Found a huge runed gate.
109444 | Zot:5    | Found a huge runed gate.
109446 | Zot:5    | Found a huge runed gate.
109463 | Zot:5    | Found a huge runed gate.
109464 | Zot:5    | Found a huge runed gate.
109465 | Zot:5    | Found a huge runed gate.
109466 | Zot:5    | Found a huge runed gate.
109631 | Zot:5    | Noticed a Killer Klown
109650 | Zot:5    | Killed a Killer Klown
110135 | Zot:5    | Found a huge runed gate.
110136 | Zot:5    | Found a huge runed gate.
110137 | Zot:5    | Found a huge runed gate.
110138 | Zot:5    | Found a huge runed gate.
110139 | Zot:5    | Found a huge runed gate.
110140 | Zot:5    | Found a huge runed gate.
110148 | Zot:5    | Found a huge runed gate.
110148 | Zot:5    | Found a huge runed gate.
110148 | Zot:5    | Found a huge runed gate.
110148 | Zot:5    | Found a huge runed gate.
110149 | Zot:5    | Found a huge runed gate.
110150 | Zot:5    | Found a huge runed gate.
110151 | Zot:5    | Found a huge runed gate.
110152 | Zot:5    | Found a huge runed gate.
110153 | Zot:5    | Found a huge runed gate.
110572 | Zot:4    | Reached skill level 22 in Dodging
111060 | D:9      | Bought a book of Cantrips for 168 gold pieces
111079 | D:9      | Bought a book of Spatial Translocations for 180 gold pieces
111084 | D:9      | Learned a level 4 spell: Vhi's Electric Charge
111086 | D:9      | Learned a level 1 spell: Apportation
111089 | D:9      | Learned a level 2 spell: Blink
111817 | Zot:5    | Noticed a Killer Klown
111827 | Zot:5    | Killed a Killer Klown
111898 | Zot:5    | Noticed a Killer Klown
111906 | Zot:5    | Killed a Killer Klown
111936 | Zot:5    | Reached skill level 7 in Armour
112032 | Zot:5    | Noticed a Killer Klown
112037 | Zot:5    | Killed a Killer Klown
112696 | Zot:5    | Noticed a dread lich
112698 | Zot:5    | Noticed a dread lich
112700 | Zot:5    | Killed a dread lich
112794 | Zot:5    | Noticed an orb of fire
112798 | Zot:5    | Killed an orb of fire
112799 | Zot:5    | Reached skill level 8 in Armour
112991 | Zot:5    | Killed a dread lich
113120 | Zot:5    | Noticed a Killer Klown
113121 | Zot:5    | Noticed a Killer Klown
113125 | Zot:5    | Killed a Killer Klown
113130 | Zot:5    | Killed a Killer Klown
113672 | Zot:5    | Got the Orb of Zot
113681 | Zot:5    | Reached skill level 25 in Spellcasting
113749 | Zot:4    | Lost mutation: You are frail. (-10% HP) [potion of
                  | mutation]
113749 | Zot:4    | Lost mutation: Your body sometimes deteriorates upon taking
                  | damage. [potion of mutation]
113749 | Zot:4    | Gained mutation: You have a somewhat thin skeletal
                  | structure. (Dex +2, Stealth+) [potion of mutation]
113749 | Zot:4    | Gained mutation: You expend magic power (3 MP) to
                  | strengthen your wands. [potion of mutation]
113749 | Zot:4    | Gained mutation: You passively map a small area around you.
                  | [potion of mutation]
113904 | Depths:4 | Noticed Moid the pandemonium lord
113904 | Depths:4 | Noticed an ancient lich
114406 | D:$      | Escaped with the Orb!

Illustrated notes

Levels and vault maps discovered:
D:1:      dpeg_arrival_water_altar, layout_rooms
D:2:      layout_loops_ring
D:3:      layout_rooms, nicolae_ecumenical_snake_handling, uniq_robin,
          uniq_ijyb, uniq_sigmund
D:4:      layout_loops_ring, lemuel_mausoleum_altar_kikubaaqudgha,
          minmay_temple_entry_large_hall
D:5:      layout_rooms, uniq_duvessa, uniq_crazy_yiuf_cottage, uniq_eustachio
D:6:      layout_gridville, gammafunk_temple_overflow_claw, grunt_ministairs_13,
          palyth_stone_intersect, columned_hall_lemuel, minmay_misc_feat_plants,
          uniq_jeremiah, uniq_grinder
D:7:      layout_rooms, minmay_holes
D:8:      layout_rooms, lair_entry_dummy, gammafunk_ghost_split, special_room
          [special_room_orc]
D:9:      layout_roguey, mainiacjoe_overflow_catch_the_wave, serial_shops, shop,
          nicolae_shop_crystal, nicolae_lakefront_shop, shop, shop, uniq_joseph,
          uniq_harold
D:10:     kennysheep_seaside_town, layout_basic
D:11:     layout_roguey
D:12:     wad_river_or_something, layout_irregular_city, david_orc_2
D:13:     layout_loops_ring, eino_small_chamber_without_monster, uniq_erolcha
D:14:     cheibrodos_lost_city_excavation, layout_loops_corners,
          hellmonk_vaults_order_and_chaos, portal_ice_cave_entry_pillars_four,
          serial_bayou_lagoon_a, serial_shops, shop
D:15:     grunt_enter_depths_snipers, layout_basic, nemelex_lonely_heart_becter,
          minivault_22, chequers_serial_rivers_micro_c,
          nicolae_yredelemnul_corpse_copse
Temple:   nicolae_temple_x_marks_the_god
Lair:1:   layout_big_grid, chequers_serial_rivers_room_b,
          grunt_forest_stairs_basic, serial_bayou_shore_b, grunt_megastairs_3,
          uniq_maggie, uniq_amaemon
Lair:2:   layout_long_grid, nicolae_swamp_entry_splash_gauntlet,
          nicolae_snake_entry_squirm, infiniplex_staircase_pool_2,
          lemuel_fruit_fields
Lair:3:   layout_regular_city, fungi_pond_lemuel
Lair:4:   layout_loops_ring, wad_woods_river_04
Lair:5:   cheibrodos_lair_end_hotspot, layout_long_grid,
          minmay_slime_entry_pillars, nicolae_volcano_entry_s_turn
Swamp:1:  layout_falls_marsh, evilmike_swamp_ruin_house_4, swamp_pool1,
          uniq_nikola
Swamp:2:  layout_falls_marsh, evilmike_swamp_ruin_house_5, uniq_frances,
          uniq_aizul
Swamp:3:  layout_basic_swamp, nicolae_swamp_well_well_well
Swamp:4:  swamp_icy, layout_basic_swamp
Snake:1:  layout_grid_maze, minmay_shop_grove, nicolae_triple_integral,
          uniq_azrael
Snake:2:  layout_gridlike, serial_bayou_shore_b
Snake:3:  layout_grid_shapes, grunt_megastairs_2
Snake:4:  snake_pit_salamanders_mu, layout_cave_town
Slime:1:  layout_caves
Slime:2:  layout_caves
Slime:3:  cheibrodos_slime_lost_civilization_3, layout_caves
Slime:4:  layout_caves, nicolae_slime_getting_an_eyeful
Slime:5:  slime_pit_nicolae_trefoil
Orc:1:    layout_diamond_mine
Orc:2:    st_orc_congregation, layout_diamond_mine, basic_altar
Elf:1:    minmay_elf_arrival_circle, layout_geoelf_grid,
          minmay_elf_annihilation, uniq_kirke, uniq_louise, uniq_jorgrun
Elf:2:    elven_hall_of_blades_hangedman_original
          [infiniplex_blade_entry_pillars], layout_loops_corners
Elf:3:    minmay_elf_hall_curves, layout_loops_ring, serial_shops,
          nicolae_shop_industrial_runoff, dreamdust_wishing_well
Vaults:1: ontoclasm_vaults_idyll, nicolae_vaults_little_squares_2,
          nicolae_vaults_prndl, nicolae_vaults_door_testing_chamber,
          vaults_room_semicircle, v_misc_26, nicolae_vaults_double_plus_1,
          nicolae_vaults_house_3, nicolae_vaults_network_quinsquares
          [nicolae_vaults_network_quincunx_subvault,
          nicolae_vaults_network_quincunx_subvault,
          nicolae_vaults_network_quincunx_subvault,
          nicolae_vaults_network_quincunx_subvault],
          nicolae_vaults_trapezoid_lopsided_1, hangedman_vaults_snaps, v_misc_3,
          nicolae_vaults_octothorpe, hangedman_vaults_restitches,
          vaults_room_grid, nicolae_vaults_little_squares_2,
          nicolae_vaults_two_Ls, layout_vaults_big_cross, serial_shops, shop,
          nicolae_shop_overgrown_old_shop, uniq_asterion, uniq_zenata
Vaults:2: v_pattern_1, nicolae_vaults_surprise_closet,
          nicolae_vaults_octothorpe, nicolae_vaults_big_angled_halls,
          nicolae_vaults_double_plus_3, nicolae_vaults_double_plus_3,
          nicolae_vaults_corridor_and_loot_room, hangedman_vaults_maws,
          nicolae_vaults_wine_cellar, layout_vaults_quadrants, serial_shops,
          bzr_firewalk
Vaults:3: v_rooms_2, nicolae_vaults_corpse_flower, ontoclasm_vaults_eye,
          v_misc_14, nicolae_vaults_theta, v_misc_28,
          nicolae_vaults_layer_cake_slice, v_misc_33,
          minmay_crypt_entry_nasty_monster, nicolae_vaults_wrenched,
          nicolae_vaults_apartment_1, vaults_room_door_ring,
          nicolae_vaults_trapezoid_lopsided_1, layout_vaults_chaotic_city
Vaults:4: ontoclasm_vaults_decontamination,
          vaults_standard_mumra_enter_the_diamond,
          nicolae_vaults_more_shelving_1, v_pattern_3,
          nicolae_vaults_tetromino_L_2, nicolae_vaults_alarming,
          nicolae_vaults_specimen_jars, nicolae_vaults_cochlea,
          nicolae_vaults_stepped_doors, nicolae_vaults_trapezoid_4,
          layout_vaults_ring
Depths:1: layout_cave_shapes, solitary_fountain, pf_coc_iceberg, pan_entry,
          amcnicky_mini_rare_corridor_liquid, nicolae_evil_shop,
          serial_bayou_shore_a, firewood_loft, minmay_shoptagon,
          uniq_enchantress
Depths:2: evilmike_diamond_2, layout_gridlike, roderic_lattice_octagonal_star,
          grunt_mini_vestibule, pan_entry
Depths:3: nzn_winding_woodlands_huge [nzn_winding_woodlands_5x15_sawtooth,
          nzn_winding_woodlands_5x15_sidewinder,
          nzn_winding_woodlands_5x15_jagged, nzn_winding_woodlands_5x15_crooked,
          nzn_winding_woodlands_5x15_pathside_ponds,
          nzn_winding_woodlands_5x15_pockets, nzn_winding_woodlands_5x15_eye,
          nzn_winding_woodlands_5x15_split_checker,
          nzn_winding_woodlands_5x15_longhouse,
          nzn_winding_woodlands_5x15_cabin, nzn_winding_woodlands_center_lodge,
          nzn_winding_woodlands_center_diamonds,
          nzn_winding_woodlands_15x15_killbox], layout_twisted_cross,
          enter_ziggurat_d, abyss_entry_crystal, rand_demon_pan_entry_5,
          pf_dread_powers_of_hell, grunt_decor_one_mirror,
          minmay_staircase_windowed_small
Depths:4: grunt_zot_entry_alcove, layout_basic, cheibrodos_ashenzari_chains,
          pf_hell_entry_tar_river, zin_statuary
Zot:1:    layout_basic, st_stairs_6
Zot:2:    layout_gridville, st_stairs_3, serial_nicolae_subway,
          nicolae_sub_station_metal, nicolae_sub_station_crystal,
          nicolae_sub_station_stone, uniq_josephina
Zot:3:    kennysheep_spiral_hall, layout_basic
Zot:4:    layout_onion
Zot:5:    layout_basic, door_vault

Skill      XL: |  1  2  3  4  5  6  7  8  9 10 11 12 13 14 15 16 17 18 19 20 21 22 23 24 |
---------------+-------------------------------------------------------------------------+-----
Spellcasting   | 3 4 5 6 8 10 14 15 18 20 21 23 24 25 | 25.2
Air Magic      | 1 2 8 12 14 15 16 17 20 | 20.0
Stealth        | 4 5 6 |  6.0
Fighting       | 1 2 3 4 5 6 7 10 11 12 16 17 | 17.0
Poison Magic   | 4 6 7 9 |  9.0
Dodging        | 4 5 8 10 12 13 17 18 20 22 | 22.0
Evocations     | 6 7 12 | 12.0
Invocations    | 5 6 10 12 14 | 14.0
Conjurations   | 1 2 6 |  6.0
Armour         | 2 4 6 8 |  8.0
Fire Magic     | 4 10 12 | 12.0
Transmutations | |  1.3

Action                     |  1- 3 |  4- 6 |  7- 9 | 10-12 | 13-15 | 16-18 | 19-21 | 22-24 || total
---------------------------+-------+-------+-------+-------+-------+-------+-------+-------++-------
  Melee: Dagger            |     1 |    28 |    90 |    24 |    81 |     4 |       |       ||   228
         Punch             |       |     1 |       |     3 |     2 |       |       |       ||     6
         Staff             |       |       |       |       |       |     4 |    18 |    11 ||    33
   Fire: Orcbow            |       |       |       |    65 |       |       |       |       ||    65
  Throw: Throwing net      |       |       |       |       |     1 |       |       |     1 ||     2
   Cast: Sting             |    37 |    26 |    59 |    18 |       |       |       |       ||   140
         Poisonous Vapours |    37 |    88 |    58 |       |       |       |       |       ||   183
         Olgreb's Toxic Ra |       |       |    44 |   201 |   212 |       |       |     1 ||   458
         Mephitic Cloud    |       |       |     2 |     9 |     9 |       |       |     3 ||    23
         Airstrike         |       |       |       |    61 |   600 |   395 |   120 |   109 ||  1285
         Arcjolt           |       |       |       |       |    66 |    97 |    37 |    77 ||   277
         Plasma Beam       |       |       |       |       |       |   365 |   647 |   486 ||  1498
         Maxwell's Capacit |       |       |       |       |       |     1 |     3 |    91 ||    95
         Apportation       |       |       |       |       |       |       |       |     1 ||     1
         Dragon's Call     |       |       |       |       |       |       |       |     1 ||     1
 Invoke: Channel Magic     |       |       |       |     2 |     7 |    13 |    26 |    27 ||    75
         Divine Exegesis   |       |       |       |       |       |     1 |       |     1 ||     2
  Evoke: Wand              |       |       |       |     1 |     4 |    11 |     5 |    24 ||    45
         Tin of tremorston |       |       |       |       |       |     1 |     1 |     2 ||     4
         Box of beasts     |       |       |       |       |       |       |       |     2 ||     2
         Phial of floods   |       |       |       |       |       |       |       |     1 ||     1
    Use: Scroll            |     2 |     3 |     3 |     6 |    17 |    10 |     8 |    17 ||    66
         Potion            |       |       |       |     2 |     2 |     4 |       |    18 ||    26
   Stab: Sleeping          |     1 |       |     1 |       |       |       |       |       ||     2
         Confused          |       |       |       |     2 |       |       |       |       ||     2
 Armour: Robe              |     3 |    13 |    44 |     7 |       |       |       |       ||    67
         Troll leather arm |       |       |       |    32 |   183 |    64 |       |       ||   279
         Swamp dragon scal |       |       |       |       |       |   124 |   165 |   295 ||   584
  Dodge: Dodged            |     6 |    31 |    97 |   120 |   532 |   276 |   293 |   485 ||  1840

Table legend: (Time is in decaauts)
 A = Elapsed time spent in this place.
 B = Non-inter-level travel time spent in this place.
 C = Inter-level travel time spent in this place.
 D = Time resting spent in this place.
 E = Time spent auto-exploring this place.
 F = Levels seen in this place.
 G = Mean time per level.
                   A        B        C        D        E       F      G
               +--------+--------+--------+--------+--------+-----+--------+
         Total |  97773 |  91135 |   6638 |  43852 |  35239 |  54 | 1810.6 |
       Dungeon |  21634 |  18640 |   2994 |   3222 |  11741 |  15 | 1442.3 |
        Temple |     17 |     17 |      0 |      0 |      0 |   1 |   17.0 |
          Lair |   7383 |   6656 |    727 |   1572 |   3670 |   5 | 1476.6 |
         Swamp |   8689 |   8361 |    328 |   6242 |   1350 |   4 | 2172.2 |
     Snake Pit |  12480 |  12015 |    465 |   6719 |   3874 |   4 | 3120.0 |
    Slime Pits |   6798 |   6730 |     68 |   5438 |    676 |   5 | 1359.6 |
  Orcish Mines |   1744 |   1536 |    208 |    394 |    774 |   2 |  872.0 |
   Elven Halls |   6089 |   5924 |    165 |   3202 |   2195 |   3 | 2029.7 |
        Vaults |   8836 |   8695 |    141 |   1733 |   5996 |   4 | 2209.0 |
        Depths |  14609 |  13651 |    958 |   8190 |   4205 |   4 | 3652.2 |
           Zot |   9314 |   8734 |    580 |   7137 |    603 |   5 | 1862.8 |
        Bazaar |    171 |    171 |      0 |      0 |    151 |   1 |  171.0 |
      Ice Cave |      3 |      3 |      0 |      0 |      0 |   1 |    3.0 |
               +--------+--------+--------+--------+--------+-----+--------+

Top non-repeatable levels by time:
Depths:4: 5515 daAuts
   Zot:5: 5116 daAuts
 Snake:4: 4736 daAuts
 Snake:3: 4366 daAuts
Depths:3: 4013 daAuts
 Swamp:1: 3545 daAuts
Depths:2: 3443 daAuts
Vaults:1: 3399 daAuts
 Slime:5: 3130 daAuts
   Elf:3: 2715 daAuts
    D:15: 2580 daAuts
   Zot:3: 2371 daAuts
  Lair:2: 2263 daAuts
    D:14: 2171 daAuts
  Lair:5: 2158 daAuts
